 Dungeon Crawl Stone Soup version 0.17-a0-1763-g847a857 (webtiles) character file.

1137 kae the Cleaver (level 8, -5/64 HPs)
             Began as a Hill Orc Fighter on Sept 4, 2015.
             Was an Initiate of Qazlal.
             Slain by George's ghost (11 damage)
             ... on level 6 of the Dungeon.
             The game lasted 00:06:45 (5659 turns).

kae the Cleaver (Hill Orc Fighter)                  Turns: 5659, Time: 00:06:46

Health: -5/64      AC: 17    Str: 19    XL:     8   Next: 36%
Magic:  8/8        EV:  3    Int:  8    God:    Qazlal [......]
Gold:   185        SH:  9    Dex: 12    Spells: 0 memorised, 7 levels left

rFire  . . .     SeeInvis .     a - +1 war axe
rCold  . . .     Clarity  +     r - +6 plate armour {ponderous}
rNeg   . . .     SustAt   .     c - +0 shield
rPois  .         Gourm    .     (no helmet)
rElec  .         Spirit   .     (no cloak)
rCorr  .         Warding  .     (no gloves)
rMut   .         Stasis   .     (no boots)
MR     .....                    q - amulet of clarity
Stlth  ..........               (no ring)
                                (no ring)

@: slow, not resistant to hostile enchantments, extremely unstealthy
A: no striking features
a: Renounce Religion


You were on level 6 of the Dungeon.
You worshipped Qazlal.
Qazlal was noncommittal.
You were near starving.

You visited 2 branches of the dungeon, and saw 7 of its levels.

You collected 185 gold pieces.

Inventory:

Hand weapons
 a - a +1 war axe (weapon)
Armour
 b - a +0 scale mail
 c - a +0 shield (worn)
 r - a +6 plate armour of ponderousness (worn)
Jewellery
 q - an amulet of clarity (around neck)
Magical devices
 s - a wand of heal wounds (3)
Scrolls
 g - 3 scrolls of fear
 j - 2 scrolls of remove curse
 l - a scroll of recharging
 m - a scroll of magic mapping
 o - 2 scrolls of identify
 u - a scroll of noise {unknown}
 x - a scroll of amnesia {unknown}
Potions
 d - a potion of might
 f - a potion of agility
 h - a potion of curing
 i - a potion of brilliance
 n - 2 potions of invisibility
 p - a potion of lignification
 t - a potion of resistance
 v - a potion of ambrosia
Books
 w - a book of Fire

   Spells                             Type                      Level
   a - Ignite Poison                  Fire/Transmutation/Poison    3
   b - Fireball                       Conjuration/Fire             5
   c - Bolt of Fire                   Conjuration/Fire             6
   d - Delayed Fireball               Conjuration/Fire             7
   e - Ring of Flames                 Charms/Fire                  7
Comestibles
 e - 5 bread rations
 k - a meat ration


   Skills:
 - Level 3.6 Fighting
 + Level 12.4 Axes
 - Level 3.2 Armour
 - Level 3.2 Shields


You had 7 spell levels left.
You didn't know any spells.

Dungeon Overview and Level Annotations

Branches:
Dungeon (6/15)             Temple (1/1) D:5

Altars:
Ashenzari
Elyvilon
Fedhas
Gozag
Makhleb
Nemelex Xobeh
Okawaru
Qazlal
Sif Muna
Trog
Vehumet
Xom
Zin
The Shining One

Annotations:
D:6 George's ghost, experienced MiGl


Message History

* * * LOW HITPOINT WARNING * * *
You are too injured to fight recklessly!
You are too injured to fight recklessly!
You are too injured to fight recklessly!
You hit George's ghost but do no damage.
George's ghost is severely damaged.
You block George's ghost's attack.
You slash George's ghost!
George's ghost is severely damaged.
George's ghost hits you!
* * * LOW HITPOINT WARNING * * *
George's ghost burns you.
* * * LOW HITPOINT WARNING * * *
You hit George's ghost.
George's ghost is severely damaged.
George's ghost hits you but does no damage.
You barely miss George's ghost.
George's ghost is severely damaged.
George's ghost hits you!
You die...

# #.. ## #### #... ..#
#...
#...######...######...
#...W@.......+........
##'###....$..####.....
#.# #.##.########..#.
#.###.##.##....##....
#>...................
#.###.##.##..........
#.###.##.....########
##....................
#......#####..####.###


You could see George's ghost.

Vanquished Creatures
  Eustachio (D:4)
  Duvessa (D:5)
  An ice beast (D:4)
  A centaur (D:5)
  Dowan (D:5)
  A crimson imp (D:5)
  2 hounds
  A jelly (D:6)
  An orc wizard (D:5)
  A gnoll shaman (D:4)
  An orc priest (D:5)
  3 iguanas (D:4)
  4 worker ants
  A hound skeleton (D:5)
  9 adders
  7 gnolls (D:4)
  A shadow imp (D:5)
  4 oozes
  An adder skeleton (D:4)
  2 worms
  3 giant geckos
  13 orcs
  5 giant cockroaches
  6 hobgoblins
  9 jackals (D:1)
  3 quokkas
  9 bats
  7 giant newts
  4 goblins
  7 kobolds
  5 rats
115 creatures vanquished.

Notes
Turn   | Place    | Note
--------------------------------------------------------------
     0 | D:1      | kae the Hill Orc Fighter began the quest for the Orb.
     0 | D:1      | Reached XP level 1. HP: 19/19 MP: 1/1
    37 | D:1      | Reached XP level 2. HP: 26/26 MP: 2/2
    86 | D:1      | Reached skill level 4 in Axes
   310 | D:1      | Reached XP level 3. HP: 28/31 MP: 3/3
   690 | D:1      | Reached skill level 5 in Axes
  1435 | D:2      | Reached XP level 4. HP: 33/39 MP: 4/4
  1597 | D:2      | Reached skill level 6 in Axes
  2126 | D:3      | Reached XP level 5. HP: 33/45 MP: 5/5
  2479 | D:3      | Reached skill level 7 in Axes
  2706 | D:4      | Noticed Eustachio
  2731 | D:4      | Killed Eustachio
  2731 | D:4      | Reached skill level 8 in Axes
  2731 | D:4      | Reached XP level 6. HP: 23/51 MP: 6/6
  3181 | D:4      | Reached skill level 9 in Axes
  3512 | D:4      | Reached XP level 7. HP: 40/57 MP: 7/7
  3572 | D:4      | Noticed an ice beast
  3586 | D:4      | Killed an ice beast
  3586 | D:4      | Reached skill level 10 in Axes
  4359 | D:5      | Entered Level 5 of the Dungeon
  4363 | D:5      | Noticed Duvessa
  4366 | D:5      | Noticed Dowan
  4375 | D:4      | Reached skill level 11 in Axes
  4529 | D:5      | Found an opulent altar of Gozag.
  4560 | D:5      | Killed Duvessa
  4563 | D:5      | Reached XP level 8. HP: 61/64 MP: 8/8
  4849 | D:5      | Killed Dowan
  4849 | D:5      | Reached skill level 12 in Axes
  4961 | D:5      | Found a staircase to the Ecumenical Temple.
  5266 | Temple   | Entered the Ecumenical Temple
  5352 | Temple   | Became a worshipper of Qazlal Stormbringer
  5374 | D:5      | Found a shimmering altar of Xom.
  5640 | D:6      | Noticed George's ghost (experienced MiGl)
  5659 | D:6      | Slain by George's ghost

Vault maps used:
D:1:      erik_arrival_gehennom
D:3:      first_bread
D:4:      uniq_eustachio
D:5:      lemuel_crystal_altar, minmay_temple_entry_glass, basic_altar,
          uniq_duvessa
D:6:      kennysheep_housing_project
Temple:   circular_temple_12

Action                   |  1- 3 |  4- 6 |  7- 9 || total
-------------------------+-------+-------+-------++-------
Melee: War axe           |   129 |   202 |   153 ||   484
  Use: Scroll            |       |     9 |     7 ||    16
       Potion            |       |       |     2 ||     2
  Eat: Chunk             |       |     9 |     3 ||    12
       Royal jelly       |       |       |     1 ||     1
